 Dungeon Crawl Stone Soup version 0.31.0-4-g52a2dc7128 (webtiles) character file.

Game seed: 13829295447830648432

51 shadowrider38 the Grave Robber (level 3, -1/16 HPs)
             Began as a Vine Stalker Necromancer on Jan 21, 2024.
             Succumbed to an adder's poison
             ... on level 3 of the Dungeon.
             The game lasted 00:01:36 (2648 turns).

shadowrider38 the Grave Robber (VSNe)               Turns: 2648, Time: 00:01:37

Health: -1/16      AC:  3    Str: 12    XL:     3   Next: 83%
Magic:  2/7        EV: 11    Int: 15    God:
Gold:   170        SH:  5    Dex: 14    Spells: 5/6 levels left

rFire   . . .        a - +0 dagger
rCold   . . .        (no shield)
rNeg    . . .        e - +0 leather armour
rPois   .            (no helmet)
rElec   .            (no cloak)
rCorr   .            (no gloves)
SInv    .            (no boots)
Will    .....        d - amulet of reflection
Stlth   ++           (no ring)
HPRegen 1.02/turn    (no ring)
MPRegen 0.10/turn

%: reflection, guardian spirit
@: lethally poisoned (-1 -> -7), hasted, very quick
A: fangs 2, regeneration 1, magic shield, antimagic bite, no potion heal 2
a: no special abilities


You were on level 3 of the Dungeon.
You visited 1 branch of the dungeon, and saw 3 of its levels.

You collected 170 gold pieces.

Inventory:

Hand Weapons
 a - a +0 dagger (weapon)
Missiles
 t - 6 boomerangs
Armour
 e - a +0 leather armour (worn)
Jewellery
 d - an amulet of reflection (around neck)
Scrolls
 k - 3 scrolls of poison
 l - a scroll of noise {unknown}
 m - a scroll of enchant armour {unknown}
 T - a scroll of teleportation
Potions
 b - a potion of magic
 c - 2 potions of degeneration {unknown}
 g - a potion of attraction
 h - a potion of cancellation {unknown}
 i - a potion of curing {unknown}
 j - a potion of mutation {unknown}
 H - 2 potions of haste


   Skills:
 + Level 3.0 Short Blades
 - Level 1.5 Dodging
 - Level 2.4 Stealth
 - Level 2.1 Spellcasting
 - Level 4.0 Necromancy


You had 5 spell levels left.
You knew the following spells:

 Your Spells              Type           Power      Damage    Failure   Level
a - Necrotise             Necr           52%        1d6       5%          1

Your spell library contained the following spells:

 Spells                   Type           Power      Damage    Failure   Level
 Vampiric Draining        Necr           13%        2d6       16%         3
 Animate Dead             Necr           13%        N/A       47%         4
 Hailstorm                Conj/Ice       1%         3d5       63%         3
 Summon Ice Beast         Ice/Summ       1%         N/A       63%         3
 Curse of Agony           Necr           13%        N/A       83%         5
 Sculpt Simulacrum        Ice/Alch       0%         N/A       100%        6


Dungeon Overview and Level Annotations

Branches:
Dungeon (3/15) Zot: 15363

Altars:


Innate Abilities, Weirdness & Mutations

You have extremely sharp teeth.
Your natural rate of healing is unusually fast.
When hurt, damage is shared between your health and your magic reserves.
Your bite disrupts and absorbs the magic of your enemies.
Potions cannot restore your health.


Message History

You barely miss the adder. Your bite misses the adder.
The adder is moderately wounded.
You feel sick. The adder bites you. x2
You miss the adder.
The adder is moderately wounded.
You feel sick. The adder bites you but does no damage.
You miss the adder. You bite the adder, but do no damage.
The adder is moderately wounded.
You feel sick. The adder misses you.
You barely miss the adder. Your bite misses the adder.
The adder is moderately wounded.
You feel sick. The adder bites you.
You are more poisoned.
The adder poisons you!
You hit the adder.
The adder is moderately wounded.
You feel sick. The adder barely misses you.
You miss the adder. Your bite misses the adder.
The adder is moderately wounded.
You feel sick. You block the adder's attack.
The hobgoblin hits you but does no damage.
You hit the adder but do no damage.
The adder is moderately wounded.
You feel sick. The adder closely misses you. The hobgoblin hits you.
You are too injured to fight recklessly!
You miss the adder.
The adder is lightly wounded.
You feel sick. You block the adder's attack.
You are too injured to fight recklessly!
You are too injured to fight recklessly!
You closely miss the adder.
The adder is lightly wounded.
The adder closely misses you. The hobgoblin hits you.
You completely miss the adder. Your bite misses the adder.
The adder is lightly wounded.
You feel sick. The adder closely misses you. The hobgoblin hits you.
The adder bites you.
* * * LOW HITPOINT WARNING * * *
You are lethally poisoned!
The adder poisons you!
You hit the adder.
The adder is heavily wounded.
* * * LOW HITPOINT WARNING * * *
You feel sick. You block the hobgoblin's attack. The adder bites you.
* * * LOW HITPOINT WARNING * * *
You are more poisoned.
The adder poisons you!
It was a potion of haste.
You feel yourself speed up.
H - 2 potions of haste You die...

≈...≈.....≈...≈.#
.#.......#.#......[#
.....#.#.......#.#.##
...≈.....≈...≈.....#
.#....≈....#....≈.##
...≈.....≈.).≈....#
##...#.#.......#.##
......g..##..#...#
#...S@...#.#####
########...# #####


You could see an adder and a hobgoblin.

Vanquished Creatures
  An adder (D:2)
  A ribbon worm (D:2)
  A dart slug (D:2)
  6 ball pythons
  2 bats (D:1)
  4 endoplasms
  2 giant cockroaches
  3 goblins
  6 hobgoblins
  2 kobolds
  A quokka (D:1)
  2 frilled lizards (D:3)
  2 rats
33 creatures vanquished.

Notes
Turn   | Place    | Note
-------+----------+-------------------------------------------
     0 | D:1      | shadowrider38 the Vine Stalker Necromancer began the quest
                  | for the Orb.
     0 | D:1      | Reached XP level 1. HP: 9/9 MP: 4/4
   271 | D:1      | Reached XP level 2. HP: 13/13 MP: 1/6
  1668 | D:2      | Reached XP level 3. HP: 13/16 MP: 5/7
  2237 | D:2      | Found a faded altar of an unknown god.
  2521 | D:3      | Reached skill level 3 in Short Blades
  2648 | D:3      | Succumbed to an adder's poison

Illustrated notes

Levels and vault maps discovered:
D:1:      dpeg_chamrin_arrival_tetris, layout_basic
D:2:      layout_basic, shapermc_ecumenical_altar_petra,
          minmay_misc_feat_square, minmay_misc_feat_cross,
          nicolae_underground_beach
D:3:      layout_basic, serial_forest, infiniplex_forest_end_2,
          infiniplex_forest_end_1, infiniplex_forest_clump_tiny,
          infiniplex_forest_end_2, infiniplex_forest_end_3,
          infiniplex_forest_end_1, nicolae_kite_square_tiling_tiny

Skill      XL: |  1  2  3 |
---------------+----------+-----
Short Blades   | 1 2 3 |  3.0
Dodging        | |  1.5
Stealth        | |  2.4
Spellcasting   | |  2.1
Necromancy     | |  4.0

Action                     || total
---------------------------++-------
  Melee: Dagger            ||    92
         Bite              ||    23
         Punch             ||     1
   Cast: Necrotise         ||    28
    Use: Scroll            ||     3
         Potion            ||     1
   Stab: Sleeping          ||     4
 Armour: Robe              ||     4
         Leather armour    ||    45
  Dodge: Dodged            ||    42
  Block: Other             ||    17
